 Dungeon Crawl Stone Soup version 0.31-a0-232-gb1c03b2570 (webtiles) character file.

Game seed: 6404197135968067705

916 gelatine the Firebug (level 7, 0/51 HPs)
             Began as a Demonspawn Fire Elementalist on July 7, 2023.
             Slain by a sleepcap (4 damage)
             ... on level 5 of the Dungeon.
             The game lasted 00:12:23 (4616 turns).

gelatine the Firebug (Demonspawn Fire Elementalist) Turns: 4616, Time: 00:12:25

Health: 0/51       AC:  5    Str:  8    XL:     7   Next: 83%
Magic:  0/23       EV: 12    Int: 19    God:
Gold:   135        SH:  0    Dex: 15    Spells: 12/15 levels left

rFire   + . .        i - +0 hand axe
rCold   + . .        (no shield)
rNeg    + . .        x - +1 leather armour {rF+}
rPois   .            (no helmet)
rElec   .            l - scarf {repulsion}
rCorr   .            g - +0 pair of gloves
SInv    .            (no boots)
Will    .....        n - amulet of regeneration
Stlth   +++          j - ring of magical power
HPRegen 1.08/turn    w - ring "Gido" {rC+ rN+}
MPRegen 0.36/turn

%: repel missiles, guardian spirit
@: no status effects
A: thin skeletal structure 1, ignite blood 2, magic shield, magic regeneration
a: no special abilities


You were on level 5 of the Dungeon.
You visited 2 branches of the dungeon, and saw 6 of its levels.

You collected 135 gold pieces.

Inventory:

Hand Weapons
 i - a +0 hand axe (weapon)
 m - a +1 dagger of venom
Armour
 c - a +0 cloak
 g - a +0 pair of gloves (worn)
 l - a scarf of repulsion (worn)
 x - a +1 leather armour of fire resistance (worn)
Jewellery
 j - a ring of magical power (left hand)
 n - an amulet of regeneration (around neck)
 w - the ring "Gido" (right hand) {rC+ rN+}
   (You found it on level 3 of the Dungeon)

   [ring of positive energy]

   rC:        It protects you from cold.
   rN:        It protects you from negative energy.
Wands
 v - a wand of light (9)
Scrolls
 a - a scroll of blinking {unknown}
 d - a scroll of poison {unknown}
 e - 3 scrolls of noise {unknown}
 h - 2 scrolls of teleportation {unknown}
 k - a scroll of vulnerability {unknown}
 o - 4 scrolls of identify {unknown}
 p - a scroll of revelation {unknown}
 t - a scroll of fog {unknown}
Potions
 b - 2 potions of magic
 f - a potion of brilliance
 q - a potion of cancellation {unknown}
 r - a potion of heal wounds {unknown}
 s - 3 potions of curing {unknown}
 u - a potion of enlightenment {unknown}


   Skills:
 * Level 2.4 Fighting
 * Level 1.5 Axes
 + Level 1.3 Armour
 * Level 3.2 Dodging
 + Level 2.0 Stealth
 * Level 4.7 Spellcasting
 * Level 2.5 Conjurations
 * Level 5.0 Fire Magic
 * Level 1.0 Evocations


You had 12 spell levels left.
You knew the following spells:

 Your Spells              Type           Power      Damage    Failure   Level
a - Foxfire               Conj/Fire      76%        2x1d7     3%          1
b - Scorch                Fire           46%        2d7       3%          2

Your spell library contained the following spells:

 Spells                   Type           Power      Damage    Failure   Level
 Shock                    Conj/Air       36%        1d5       11%         1
 Summon Small Mammal      Summ           16%        N/A       19%         1
 Inner Flame              Hex/Fire       14%        N/A       19%         3
 Volatile Blastmotes      Fire/Tloc      28%        2d12      19%         3
 Flame Wave               Conj/Fire      19%        2d7       36%         4
 Call Canine Familiar     Summ           4%         N/A       47%         3
 Summon Guardian Golem    Hex/Summ       4%         N/A       47%         3
 Swiftness                Air            4%         N/A       47%         3
 Fireball                 Conj/Fire      9%         3d6       71%         5
 Airstrike                Air            2%         2d(1-17)  87%         4
 Starburst                Conj/Fire      9%         6d5       99%         6
 Plasma Beam              Fire/Air       7%         2x1d17    100%        6


Dungeon Overview and Level Annotations

Branches:
Dungeon (5/15)             Temple (1/1) D:4

Altars:
Ashenzari
Cheibriados
Dithmenos
Fedhas
Gozag
Hepliaklqana
Kikubaaqudgha
Makhleb
Nemelex Xobeh
Okawaru
Qazlal
Ru
Sif Muna
Trog
Uskayaw
Vehumet
Wu Jian
Xom
Yredelemnul

Shops:
D:4 (

Annotations:
D:5 Grinder


Innate Abilities, Weirdness & Mutations

You have a somewhat thin skeletal structure. (Dex +2, Stealth+)
Your demonic aura often causes spilled blood to erupt in flames.
When hurt, damage is shared between your health and your magic reserves.
You regenerate magic rapidly.


Message History

Flames lash the sleepcap but do no damage.
The ice beast misses you. The sleepcap closely misses you.
Unknown command.
Casting: Scorch (safe; 3% risk of failure)
Confirm with . or Enter, or press ? or * to list all spells.
Flames lash the orc priest.
The orc priest is moderately wounded.
The orc priest's fire resistance burns away.
The ice beast hits you. The ice beast freezes you. You resist.
The sleepcap misses you.
Grinder blinks!
Casting: Scorch (safe; 3% risk of failure)
Confirm with . or Enter, or press ? or * to list all spells.
Flames lash the orc priest.
The orc priest is heavily wounded.
A hound comes into view.
The ice beast closely misses you.
The sleepcap releases spores at you but does no damage.
Casting: Scorch (safe; 3% risk of failure)
Confirm with . or Enter, or press ? or * to list all spells.
Flames lash the orc priest.
The orc priest is burned terribly!
The orc priest is severely wounded.
The orc priest miscasts a cantrip.
The ice beast hits you. The ice beast freezes you. You resist.
The sleepcap releases spores at you.
You are engulfed in a cloud of soporific spores!
You fall asleep.
An adder comes into view.
The ice beast hits you but does no damage.
The sleepcap releases spores at you but does no damage.
The sleepcap releases spores at you!!
You wake up.
* * * LOW HITPOINT WARNING * * *
You are engulfed in a cloud of soporific spores!
You are unaffected.
The orc priest mumbles some strange prayers to Beogh against you.
Beogh smites you!
* * * LOW HITPOINT WARNING * * *
The ice beast misses you.
Unknown command.
The sleepcap attacks as you move away! The sleepcap releases spores at you.
You die...

.............#
####....#..###
#.##.#..#
#.......#
#.|.....#
###...###
#...# #...#
#@☼.# #fY.#


ho..... )....†.... ...5....... ##.#S..#.### #.#...#.# #.#...# # You could see
Grinder, an ice beast, a sleepcap, a hound, an orc priest (combustible) and an
adder.

Vanquished Creatures
  An orc warrior (D:4)
  2 black bears
  An ogre (D:4)
  3 scorpions
  2 orc priests
  A hound (D:3)
  An iguana (D:4)
  3 orc wizards
  4 gnolls (D:2)
  4 adders
  An ufetubus (D:5)
  4 dart slugs
  12 orcs
  3 bats
  12 endoplasms
  6 giant cockroaches
  7 goblins
  8 hobgoblins
  8 jackals (D:2)
  4 quokkas
  8 ball pythons
  7 frilled lizards
  6 kobolds
  10 rats
118 creatures vanquished.

Vanquished Creatures (others)
  340 foxfires
340 creatures vanquished.

Grand Total: 458 creatures vanquished

Notes
Turn   | Place    | Note
-------+----------+-------------------------------------------
     0 | D:1      | gelatine the Demonspawn Fire Elementalist began the quest
                  | for the Orb.
     0 | D:1      | Reached XP level 1. HP: 13/13 MP: 3/3
   293 | D:1      | Reached skill level 3 in Fire Magic
   321 | D:1      | Gained mutation: You regenerate magic rapidly. [demonic
                  | ancestry]
   321 | D:1      | Reached XP level 2. HP: 19/19 MP: 0/5
   404 | D:1      | Learned a level 2 spell: Scorch
   938 | D:1      | Gained mutation: You have a somewhat thin skeletal
                  | structure. (Dex +2, Stealth+) [demonic ancestry]
   938 | D:1      | Reached XP level 3. HP: 24/24 MP: 6/6
  1316 | D:2      | Gained mutation: Your demonic aura sometimes causes spilled
                  | blood to erupt in flames. [demonic ancestry]
  1316 | D:2      | Reached XP level 4. HP: 31/31 MP: 7/7
  2266 | D:3      | Identified the ring "Gido" {rC+ rN+}
  2378 | D:3      | Gained mutation: When hurt, damage is shared between your
                  | health and your magic reserves. [demonic ancestry]
  2378 | D:3      | Reached XP level 5. HP: 36/36 MP: 9/9
  2388 | D:3      | Reached skill level 1 in Fighting
  2664 | D:3      | Found a sacrificial altar of Ru.
  2664 | D:3      | Found a snail-covered altar of Cheibriados.
  2669 | D:3      | Found a shimmering altar of Xom.
  3151 | D:4      | Noticed an orc warrior
  3164 | D:4      | Killed an orc warrior
  3165 | D:4      | Reached skill level 1 in Armour
  3165 | D:4      | Reached skill level 4 in Fire Magic
  3165 | D:4      | Gained mutation: Your demonic aura often causes spilled
                  | blood to erupt in flames. [demonic ancestry]
  3165 | D:4      | Reached XP level 6. HP: 44/44 MP: 8/11
  3480 | D:4      | Found a staircase to the Ecumenical Temple.
  3489 | Temple   | Entered the Ecumenical Temple
  3796 | D:4      | Found Anamo's Antique Weapon Boutique.
  3919 | D:4      | Reached XP level 7. HP: 50/50 MP: 13/13
  4513 | D:5      | Entered Level 5 of the Dungeon
  4517 | D:5      | Reached skill level 1 in Axes
  4596 | D:5      | Reached skill level 5 in Fire Magic
  4596 | D:5      | Reached skill level 1 in Evocations
  4607 | D:5      | Noticed Grinder
  4616 | D:5      | Slain by a sleepcap

Illustrated notes

Levels and vault maps discovered:
D:1:      ncdulo_smallfort, layout_basic
D:2:      layout_loops_ring
D:3:      minmay_razor_zed, layout_basic, gammafunk_temple_overflow_claw
D:4:      layout_loops_cross, minmay_temple_entry_antechambers, serial_shops,
          shop_statue
D:5:      layout_loops_cross, hellmonk_no_cap, uniq_grinder, uniq_eustachio,
          uniq_blork_the_orc, uniq_pikel
Temple:   compressed_dpeg_triangle_lava_temple

Skill      XL: |  1  2  3  4  5  6  7 |
---------------+----------------------+-----
Fire Magic     | 3 4 5 |  5.0
Dodging        | 2 3 |  3.2
Spellcasting   | 3 4 |  4.7
Fighting       | 1 2 |  2.4
Armour         | 1 |  1.3
Stealth        | 2 |  2.0
Conjurations   | 2 |  2.5
Axes           | 1 |  1.5
Evocations     | 1 |  1.0

Action                     |  1- 3 |  4- 6 |  7- 9 || total
---------------------------+-------+-------+-------++-------
  Melee: Unarmed           |     4 |       |       ||     4
         Hand axe          |     3 |    27 |     3 ||    33
         Punch             |       |     1 |       ||     1
   Cast: Foxfire           |    72 |    83 |    55 ||   210
         Scorch            |     3 |    52 |    10 ||    65
    Use: Potion            |       |     4 |       ||     4
   Stab: Sleeping          |       |     2 |       ||     2
 Armour: Skin              |     1 |     2 |       ||     3
         Robe              |       |     4 |       ||     4
         Leather armour    |       |     7 |     5 ||    12
  Dodge: Dodged            |     4 |    27 |     7 ||    38
         Repelled          |       |     1 |       ||     1

Table legend: (Time is in decaauts)
 A = Elapsed time spent in this place.
 B = Non-inter-level travel time spent in this place.
 C = Inter-level travel time spent in this place.
 D = Time resting spent in this place.
 E = Time spent auto-exploring this place.
 F = Levels seen in this place.
 G = Mean time per level.
                   A        B        C        D        E       F      G
               +--------+--------+--------+--------+--------+-----+--------+
         Total |   4603 |   4370 |    233 |      0 |   3581 |   6 |  767.2 |
       Dungeon |   4358 |   4146 |    212 |      0 |   3372 |   5 |  871.6 |
        Temple |    244 |    223 |     21 |      0 |    209 |   1 |  244.0 |
               +--------+--------+--------+--------+--------+-----+--------+

Top non-repeatable levels by time:
     D:1: 1212 daAuts
     D:4: 1112 daAuts
     D:3: 1061 daAuts
     D:2: 869 daAuts
  Temple: 244 daAuts
     D:5: 103 daAuts
